 Dungeon Crawl Stone Soup version 0.20-a0-941-gba1b1f9 (webtiles) character file.

543 esteth the Conjurer (level 7, -8/41 HPs)
             Began as a Gargoyle Fire Elementalist on Mar 31, 2017.
             Was an Initiate of Vehumet.
             Mangled by a gnoll
             ... wielding a +0 halberd
              (12 damage)
             ... on level 5 of the Dungeon.
             The game lasted 00:13:09 (4977 turns).

esteth the Conjurer (Gargoyle Fire Elementalist)    Turns: 4977, Time: 00:13:10

Health: -8/41      AC:  6    Str: 11    XL:     7   Next: 27%
Magic:  0/13       EV: 12    Int: 18    God:    Vehumet [......]
Gold:   163        SH:  0    Dex: 10    Spells: 1/14 levels left

rFire    + . .     SeeInvis .   e - +1 whip (venom)
rCold    . . .     Gourm    .   (no shield)
rNeg     + . .     Faith    .   a - +0 robe
rPois    ∞         Spirit   .   (no helmet)
rElec    +         Reflect  .   (no cloak)
rCorr    .         Harm     .   (no gloves)
MR       .....                  (no boots)
Stlth    ++........             g - amulet of magic regeneration
Regen    0.2/turn               (no ring)
MPRegen  0.2/turn               i - ring of protection from fire

@: very slightly contaminated
A: negative energy resistance 1, electricity resistance, unbreathing,
petrification resistance, rot immunity, AC +4
a: Renounce Religion


You were on level 5 of the Dungeon.
You worshipped Vehumet.
Vehumet was noncommittal.
You were not hungry.

You visited 1 branch of the dungeon, and saw 5 of its levels.

You collected 163 gold pieces.

Inventory:

Hand Weapons
 e - a +1 whip of venom (weapon)
 h - a +0 club
Armour
 a - a +0 robe (worn)
Jewellery
 f - an uncursed ring of ice
 g - an amulet of magic regeneration (around neck)
 i - a ring of protection from fire (right hand)
Scrolls
 d - 3 scrolls of teleportation
 m - a scroll of fog {unknown}
 s - 2 scrolls of remove curse
 t - a scroll of enchant armour {unknown}
Potions
 j - a potion of invisibility {unknown}
 n - 2 potions of mutation {unknown}
 o - a potion of brilliance
 p - 3 potions of lignification {unknown}
 q - 2 potions of agility {unknown}
 r - a potion of might {unknown}
Books
 b - a book of Flames

   Spells                             Type                      Level
   a - Flame Tongue                   Conjuration/Fire             1
   b - Throw Flame                    Conjuration/Fire             2
   c - Conjure Flame                  Conjuration/Fire             3
   d - Inner Flame                    Hexes/Fire                   3
   e - Sticky Flame                   Conjuration/Fire             4
   f - Fireball                       Conjuration/Fire             5
Comestibles
 c - 4 bread rations
 k - a royal jelly
 l - a meat ration


   Skills:
 - Level 3.2 Fighting
 - Level 1.5 Dodging
 - Level 2.1 Stealth
 - Level 4.0 Spellcasting
 + Level 5.1 Conjurations
 - Level 4.0 Fire Magic


You had one spell level left.
You knew the following spells:

 Your Spells              Type           Power        Failure   Level  Hunger
a - Flame Tongue          Conj/Fire      ###..        1%          1    None
b - Conjure Flame         Conj/Fire      ###.....     10%         3    ###....
c - Sticky Flame          Conj/Fire      ###.....     24%         4    ####...
d - Fireball              Conj/Fire      ###.......   67%         5    ######.


Dungeon Overview and Level Annotations

Branches:
Dungeon (5/15)
 Temple: D:4-7

Altars:
Kikubaaqudgha
Sif Muna
Vehumet

Annotations:
D:2 Sigmund


Innate Abilities, Weirdness & Mutations

You are resistant to torment.
Your stone body is resilient. (AC +4)
You are immune to poison.
You resist negative energy. (rN+)
You are resistant to electric shocks. (rElec)
You can survive without breathing.
You are immune to petrification.
You are immune to rotting.


Message History

Aiming: Sticky Flame
Press: ? - help, Shift-Dir - straight line, f/p - ogre
Aim: an ogre, wielding a giant club (almost dead)
You miscast Sticky Flame.
You are very lightly contaminated with residual magic.
Nothing appears to happen.
The ogre hits you with a giant club!
* * * LOW HITPOINT WARNING * * *
The gnoll barely misses you.
Found 32 bolts.
Casting: Sticky Flame
Confirm with . or Enter, or press ? or * to list all spells.
Aiming: Sticky Flame
Press: ? - help, Shift-Dir - straight line, f/p - ogre
Aim: an ogre, wielding a giant club (almost dead)
The sticky flame hits the ogre.
You kill the ogre!
Vehumet accepts your kill.
Your Conjurations skill increases to level 5!
The gnoll hits you from afar with a halberd!
You die...

# #(#.
#......####
.>.......#
#...### #@# .
#...#.###)#
..#........g####
.....##.###.#..#
.##.....#...#..#
........<.#....#
####.#..#.#....#
...#..#.#....#
..#..#.#.#.##


You could see a gnoll.

Vanquished Creatures
  An ogre (D:5)
  An elf skeleton (D:4)
  A scorpion (D:4)
  A crimson imp (D:4)
  2 human skeletons (D:4)
  2 iguanas
  2 worker ants (D:4)
  Robin (D:2)
  2 adders (D:3)
  2 gnolls (D:4)
  An ooze (D:1)
  An adder zombie (D:4)
  2 worms
  A dart slug (D:2)
  5 leopard geckos
  3 orcs (D:4)
  4 giant cockroaches
  17 goblins
  6 hobgoblins
  4 jackals (D:4)
  A ball python (D:3)
  9 bats
  2 frilled lizards
  6 kobolds
  A leopard gecko skeleton (D:5)
  A leopard gecko zombie (D:5)
  2 orc skeletons (D:4)
  An orc zombie (D:4)
  A rat (D:3)
83 creatures vanquished.

Vanquished Creatures (others)
  An orc wizard (D:3)
1 creature vanquished.

Grand Total: 84 creatures vanquished

Notes
Turn   | Place    | Note
-------+----------+-------------------------------------------
     0 | D:1      | esteth the Gargoyle Fire Elementalist began the quest for the Orb.
     0 | D:1      | Reached XP level 1. HP: 10/10 MP: 3/3
     3 | D:1      | Noticed an electric eel
     3 | D:1      | Noticed an electric eel
    89 | D:1      | Reached skill level 2 in Conjurations
    91 | D:1      | Reached XP level 2. HP: 15/15 MP: 1/5
   538 | D:1      | Reached skill level 3 in Conjurations
   869 | D:2      | Noticed Robin
   878 | D:2      | Reached XP level 3. HP: 19/19 MP: 6/6
   906 | D:2      | Killed Robin
  1007 | D:2      | Found an ancient bone altar of Kikubaaqudgha.
  1253 | D:2      | Reached skill level 4 in Conjurations
  1280 | D:2      | Learned a level 3 spell: Conjure Flame
  1290 | D:2      | Reached XP level 4. HP: 12/24 MP: 4/7
  1490 | D:2      | Noticed Sigmund
  2323 | D:3      | Found a deep blue altar of Sif Muna.
  2348 | D:3      | Reached XP level 5. HP: 12/28 MP: 3/8
  3234 | D:4      | Reached XP level 6. HP: 9/32 MP: 7/11
  3778 | D:4      | Reached skill level 1 in Fighting
  3805 | D:4      | Learned a level 4 spell: Sticky Flame
  3811 | D:4      | Learned a level 5 spell: Fireball
  4066 | D:4      | Found a radiant altar of Vehumet.
  4074 | D:4      | Became a worshipper of Vehumet
  4484 | D:5      | Entered Level 5 of the Dungeon
  4675 | D:4      | Reached XP level 7. HP: 40/40 MP: 5/13
  4977 | D:5      | Reached skill level 5 in Conjurations
  4977 | D:5      | Mangled by a gnoll

Vault maps used:
D:1:      arrival_aquarium_b
D:2:      lemuel_doored_altar, zin_purify, kiku_gazebo_pond_becter, uniq_robin,
          uniq_sigmund
D:3:      led_sif_book
D:4:      vehumet_crystals, first_bread, nicolae_ossuary_entry_catacombs
D:5:      marbit_many_paths, kennysheep_mini_moat, minmay_liquid_box,
          nrook_loot_triangle, st_stairs_8

Skill      XL: |  1  2  3  4  5  6  7 |
---------------+----------------------+-----
Conjurations   | 2 3 4 5 |  5.1
Fire Magic     | 4 |  4.0
Spellcasting   | 3 4 |  4.0
Fighting       | 2 3 |  3.2
Dodging        | |  1.5
Stealth        | |  2.1

Action                   |  1- 3 |  4- 6 |  7- 9 || total
-------------------------+-------+-------+-------++-------
Melee: Unarmed           |     4 |       |       ||     4
       Spear             |    83 |     7 |       ||    90
       Club              |       |   204 |       ||   204
       Whip              |       |    33 |     6 ||    39
 Cast: Flame Tongue      |    34 |    86 |     4 ||   124
       Conjure Flame     |       |     2 |       ||     2
       Sticky Flame      |       |     1 |     2 ||     3
  Use: Scroll            |     4 |     4 |       ||     8
       Potion            |     1 |     1 |       ||     2
 Stab: Sleeping          |     1 |     3 |       ||     4
  Eat: Chunk             |     2 |     6 |       ||     8
       Bread ration      |       |     2 |       ||     2
Armor: Robe              |    40 |   108 |       ||   148
Dodge: Dodged            |    66 |   229 |     7 ||   302
